[Event "42nd Olympiad Baku 2016 Women"]
[Site "Baku"]
[Date "2016.09.03"]
[Round "2.2"]
[White "Dolzhikova, Olga"]
[Black "Paikidze, Nazi"]
[Result "0-1"]
[ECO "B11"]
[WhiteElo "2167"]
[BlackElo "2366"]
[Annotator ""]
[PlyCount "42"]
[EventDate "2016.??.??"]
[EventCountry "AZE"]
[SourceTitle "playchess.com"]
[Source "ChessBase"]
[WhiteTeam "Norway"]
[BlackTeam "United States"]
[WhiteTeamCountry "NOR"]
[BlackTeamCountry "USA"]
[TimeControl "40/5400+30:1800+30"]

1. e4 {(00:00)} c6 {(00:00)} 2. Nc3 {(00:00)} d5 {(
00:00)} 3. Nf3 {(00:06)} Bg4 {(01:00)} 4. h3 {(00:56)}
Bxf3 {(00:09)} 5. Qxf3 {(00:12)} e6 {(00:36)} 6. d3 {
(01:23)} Nf6 {(01:13)} 7. Bd2 {(00:34)} Nbd7 {(00:
31)} 8. O-O-O {(02:22)} d4 {(07:31)} 9. Ne2 {(04:53)} Qb6
{(01:37)} 10. g4 {(04:37)} h6 {(03:36)} 11. Qg3 {(
14:12)} O-O-O {(05:11)} 12. f4 {(08:25)} Nc5 {(03:18)} 13.
Qe1 {(18:07)} Qb5 {(16:04)} 14. e5 {(13:30)} Nd5 {(
02:08)} 15. b3 {(11:12)} Na4 {(13:38)} 16. Kb1 {(08:44)}
Bc5 {(09:40)} 17. Ka1 {(04:54)} Nac3 {(00:50)} 18. Bxc3 {
(04:13)} dxc3 {(00:43)} 19. d4 {(00:29)} Qa5 {(04:
55)} 20. Rh2 {(00:36)} Ne3 {(01:14)} 21. Rc1 {(00:33)} Qa3
{(01:01)} 0-1

[Event "42nd Olympiad Baku 2016 Women"]
[Site "Baku"]
[Date "2016.09.03"]
[Round "2.2"]
[White "Domingos, Maria M"]
[Black "Mbo, Mabedi"]
[Result "1-0"]
[ECO "C53"]
[WhiteElo "1689"]
[BlackElo "1531"]
[Annotator ""]
[PlyCount "115"]
[EventDate "2016.??.??"]
[EventCountry "AZE"]
[SourceTitle "playchess.com"]
[Source "ChessBase"]
[WhiteTeam "Angola"]
[BlackTeam "Botswana"]
[WhiteTeamCountry "ANG"]
[BlackTeamCountry "BOT"]
[TimeControl "40/5400+30:1800+30"]

1. e4 {(00:00)} e5 {(00:00)} 2. Nf3 {(00:02)} Nc6 {
(00:00)} 3. Bc4 {(00:12)} Bc5 {(00:00)} 4. c3 {(00:
56)} h6 {(02:01)} 5. O-O {(00:57)} Nf6 {(00:25)} 6. d4 {
(00:32)} Bb6 {(02:05)} 7. Re1 {(03:54)} d6 {(00:30]
} 8. h3 {(02:57)} O-O {(00:07)} 9. a3 {(00:38)} a6 {
(00:13)} 10. Ba2 {(05:59)} Re8 {(01:35)} 11. Qd3 {(
02:47)} Bd7 {(04:11)} 12. Nbd2 {(01:04)} Ba7 {(02:03)} 13.
Nf1 {(04:15)} Nb8 {(01:24)} 14. Ng3 {(01:00)} Bc6 {
(09:35)} 15. dxe5 {(11:46)} dxe5 {(10:00)} 16. Qxd8 {
(03:21)} Rxd8 {(03:13)} 17. Nxe5 {(00:03)} Be8 {(
03:19)} 18. Bf4 {(05:21)} c5 {(03:04)} 19. Nf5 {(09:07)}
Kf8 {(02:18)} 20. Nc4 {(06:21)} Nc6 {(02:09)} 21. Bd6+ {
(02:30)} Kg8 {(00:27)} 22. Bc7 {(06:35)} Rd7 {(09:
25)} 23. Bb6 {(01:20)} Rb8 {(01:19)} 24. Bxa7 {(04:21)}
Nxa7 {(00:04)} 25. Nb6 {(04:36)} Rd2 {(00:54)} 26. Nc4 {
(01:09)} Rd7 {(02:36)} 27. e5 {(02:34)} Nd5 {(03:
31)} 28. Ncd6 {(01:18)} Nf4 {(00:50)} 29. Re4 {(01:45)}
Ne6 {(04:50)} 30. f4 {(02:58)} h5 {(01:57)} 31. h4 {
(03:19)} g6 {(01:57)} 32. Ne3 {(01:55)} Nc6 {(02:
43)} 33. Nd5 {(02:12)} Kg7 {(04:42)} 34. Nf6 {(02:56)} Re7
{(01:07)} 35. Nfxe8+ {(01:42)} Rexe8 {(00:52)} 36. Nxe8+ {
(00:32)} Rxe8 {(00:05)} 37. Bxe6 {(00:36)} Rxe6 {(
01:16)} 38. Rd1 {(00:17)} Re7 {(00:35)} 39. Re2 {(00:25)}
f6 {(01:17)} 40. exf6+ {(00:00)} Kxf6 {(00:00)} 41. Rxe7 {
(01:45)} Kxe7 {(00:14)} 42. Kf2 {(01:21)} Na5 {(00:
10)} 43. Kf3 {(03:55)} Nc4 {(00:27)} 44. Ke4 {(00:41)}
Nxb2 {(01:36)} 45. Rb1 {(00:21)} Nc4 {(02:04)} 46. Rxb7+ {
(00:50)} Kf8 {(02:25)} 47. Ra7 {(00:24)} Nxa3 {(01:
06)} 48. Rxa6 {(00:28)} Nb5 {(00:51)} 49. c4 {(02:37)} Nd4
{(01:41)} 50. Rxg6 {(00:36)} Kf7 {(00:38)} 51. Rh6 {
(00:23)} Ne2 {(00:10)} 52. Rc6 {(01:56)} Ng3+ {(01:
04)} 53. Kf3 {(00:24)} Nf5 {(00:17)} 54. Rxc5 {(00:50)}
Nxh4+ {(02:22)} 55. Kg3 {(00:10)} Ng6 {(01:44)} 56. Rxh5 {
(00:06)} Nf8 {(01:01)} 57. Rf5+ {(00:29)} Ke7 {(00:
13)} 58. Rxf8 {(00:12)} 1-0

[Event "42nd Olympiad Baku 2016 Women"]
[Site "Baku"]
[Date "2016.09.03"]
[Round "2.12"]
[White "Dragomirescu, Angela"]
[Black "Sherif, Amina"]
[Result "1/2-1/2"]
[ECO "D20"]
[WhiteElo "2227"]
[BlackElo "2028"]
[Annotator ""]
[PlyCount "90"]
[EventDate "2016.??.??"]
[EventCountry "AZE"]
[SourceTitle "playchess.com"]
[Source "ChessBase"]
[WhiteTeam "Romania"]
[BlackTeam "Egypt"]
[WhiteTeamCountry "ROU"]
[BlackTeamCountry "EGY"]
[TimeControl "40/5400+30:1800+30"]

1. d4 {(00:00)} d5 {(00:00)} 2. c4 {(00:00)} dxc4 {
(00:00)} 3. Na3 {(03:52)} Nc6 {(23:38)} 4. d5 {(12:
22)} Ne5 {(04:08)} 5. Qd4 {(06:21)} Ng6 {(02:44)} 6. e4 {
(01:56)} e6 {(05:21)} 7. Bxc4 {(02:29)} Nf6 {(03:
05)} 8. Ne2 {(04:41)} exd5 {(03:43)} 9. exd5 {(04:51)} Bd6
{(11:02)} 10. O-O {(09:07)} O-O {(01:28)} 11. Nb5 {
(01:51)} Be5 {(01:58)} 12. Qd3 {(03:01)} a6 {(09:
17)} 13. Nbc3 {(02:08)} b5 {(01:31)} 14. Bb3 {(00:07)} Bb7
{(00:21)} 15. Rd1 {(06:11)} Qd7 {(02:26)} 16. Bg5 {
(03:26)} h6 {(06:28)} 17. Bxf6 {(06:51)} Bxf6 {(00:
08)} 18. a4 {(10:23)} b4 {(05:05)} 19. Ne4 {(00:10)} Be7 {
(05:52)} 20. Rac1 {(01:00)} Rfd8 {(01:55)} 21. Qc2 {
(10:01)} Rac8 {(03:23)} 22. a5 {(02:03)} Qb5 {(03:
44)} 23. Nd4 {(03:37)} Qxa5 {(00:41)} 24. Nc6 {(00:46)}
Bxc6 {(00:52)} 25. Qxc6 {(03:53)} Ne5 {(01:32)} 26. Qc2 {
(00:48)} Qb6 {(00:41)} 27. Qe2 {(00:55)} Nd7 {(01:
29)} 28. Rc6 {(00:17)} Qb7 {(00:18)} 29. Bc4 {(00:41)} Nb8
{(00:55)} 30. Bxa6 {(00:35)} Nxa6 {(00:18)} 31. Qxa6 {
(00:14)} Qxa6 {(00:33)} 32. Rxa6 {(00:01)} c6 {(00:
20)} 33. d6 {(00:23)} f5 {(00:17)} 34. d7 {(01:26)} Rc7 {
(00:28)} 35. Ng3 {(00:27)} Rdxd7 {(00:57)} 36. Rxd7 {
(00:23)} Rxd7 {(00:04)} 37. Rxc6 {(00:09)} Rd1+ {(
00:49)} 38. Nf1 {(00:04)} Rb1 {(00:25)} 39. g3 {(01:28)}
Rxb2 {(00:37)} 40. Ne3 {(00:00)} Bf6 {(00:00)} 41. Nxf5 {
(02:06)} Bc3 {(08:36)} 42. Kf1 {(10:41)} Kf8 {(11:
08)} 43. Ne3 {(03:13)} Rd2 {(04:48)} 44. Nc4 {(02:51)} Rd5
{(01:07)} 45. Ke2 {(02:57)} Ke7 {(02:53)} 1/2-1/2

[Event "42nd Olympiad Baku 2016 Women"]
[Site "Baku"]
[Date "2016.09.03"]
[Round "2.4"]
[White "Drljevic, Ljilja"]
[Black "Azman Hisham, Nur Najiha"]
[Result "1-0"]
[ECO "B40"]
[WhiteElo "2207"]
[BlackElo "1973"]
[Annotator ""]
[PlyCount "53"]
[EventDate "2016.??.??"]
[EventCountry "AZE"]
[SourceTitle "playchess.com"]
[Source "ChessBase"]
[WhiteTeam "Serbia"]
[BlackTeam "Malaysia"]
[WhiteTeamCountry "SRB"]
[BlackTeamCountry "MAS"]
[TimeControl "40/5400+30:1800+30"]

1. e4 {(00:00)} c5 {(00:00)} 2. Nf3 {(00:00)} e6 {(
00:18)} 3. Qe2 {(00:24)} Nc6 {(01:29)} 4. g3 {(00:13)} g6
{(01:34)} 5. h4 {(00:15)} Bg7 {(01:38)} 6. h5 {(30:
59)} g5 {(05:55)} 7. h6 {(15:23)} Nxh6 {(13:56)} 8. d3 {
(03:59)} g4 {(23:40)} 9. Nh2 {(07:53)} Nd4 {(05:05]
} 10. Qd1 {(00:11)} Qf6 {(03:26)} 11. c3 {(05:07)} Nc6 {
(03:29)} 12. Be2 {(04:27)} e5 {(07:06)} 13. Nd2 {(
06:08)} d6 {(01:20)} 14. Nc4 {(03:12)} Qg6 {(08:22)} 15.
Bxh6 {(03:15)} Bxh6 {(04:47)} 16. Bxg4 {(04:05)} b5 {
(01:09)} 17. Bf5 {(01:24)} Bxf5 {(05:49)} 18. exf5 {
(00:04)} Qf6 {(02:58)} 19. Ng4 {(01:35)} Qe7 {(02:
37)} 20. Nxd6+ {(00:47)} Qxd6 {(00:19)} 21. Rxh6 {(00:09)}
Qc7 {(00:48)} 22. Qf3 {(01:37)} Rc8 {(01:03)} 23. Nf6+ {
(03:24)} Kf8 {(00:09)} 24. Qh5 {(03:55)} b4 {(03:
51)} 25. Nxh7+ {(00:50)} Rxh7 {(00:34)} 26. Rxh7 {(00:04)}
Rd8 {(00:44)} 27. Qg5 {(01:38)} 1-0

[Event "42nd Olympiad Baku 2016 Women"]
[Site "Baku"]
[Date "2016.09.03"]
[Round "2.17"]
[White "Dzagnidze, Nana"]
[Black "Frayna, Janelle Mae"]
[Result "1/2-1/2"]
[ECO "D10"]
[WhiteElo "2522"]
[BlackElo "2281"]
[Annotator ""]
[PlyCount "86"]
[EventDate "2016.??.??"]
[EventCountry "AZE"]
[SourceTitle "playchess.com"]
[Source "ChessBase"]
[WhiteTeam "Georgia"]
[BlackTeam "Philippines"]
[WhiteTeamCountry "GEO"]
[BlackTeamCountry "PHI"]
[TimeControl "40/5400+30:1800+30"]

1. d4 {(00:00)} d5 {(00:00)} 2. c4 {(00:00)} c6 {(
00:11)} 3. cxd5 {(00:02)} cxd5 {(00:07)} 4. Bf4 {(00:05)}
Nc6 {(01:38)} 5. e3 {(00:06)} Nf6 {(02:01)} 6. Nc3 {
(00:08)} a6 {(02:06)} 7. Bd3 {(02:17)} g6 {(05:48)}
8. Rc1 {(03:21)} Bg7 {(04:43)} 9. h3 {(00:28)} O-O {
(07:48)} 10. Nf3 {(01:13)} Be6 {(12:59)} 11. O-O {(
00:34)} h6 {(04:39)} 12. Na4 {(23:33)} Nd7 {(03:12)} 13.
a3 {(04:59)} Rc8 {(12:16)} 14. b4 {(00:37)} g5 {(
05:13)} 15. Bxg5 {(08:44)} hxg5 {(00:25)} 16. Nxg5 {(00:
07)} b5 {(08:30)} 17. Nc5 {(03:38)} Nf6 {(02:58)} 18. Nxa6
{(19:06)} Bd7 {(05:22)} 19. Nc5 {(00:47)} Nb8 {(02:
49)} 20. f4 {(02:49)} Rc7 {(03:03)} 21. Qe1 {(00:27)} Qc8
{(00:49)} 22. g4 {(04:03)} Na6 {(03:10)} 23. Qh4 {(
01:59)} Rd8 {(00:31)} 24. Rc3 {(15:40)} Nxc5 {(01:37)} 25.
bxc5 {(00:01)} Qa6 {(01:00)} 26. Rb1 {(00:08)} Rb8 {
(03:02)} 27. Rb4 {(00:34)} Bc6 {(02:30)} 28. Rcb3 {
(00:54)} Rcb7 {(01:55)} 29. Nf3 {(04:48)} Ne4 {(01:
25)} 30. Ne5 {(00:28)} f6 {(01:05)} 31. Nf3 {(01:58)} Be8
{(01:14)} 32. Qe1 {(00:30)} Qc6 {(01:03)} 33. Qb1 {
(00:19)} e5 {(00:15)} 34. a4 {(00:28)} exd4 {(00:
18)} 35. exd4 {(01:31)} Qc7 {(00:16)} 36. Bxe4 {(00:59)}
dxe4 {(00:05)} 37. Qxe4 {(00:03)} Bf7 {(00:49)} 38. Rb2 {
(01:01)} Re8 {(00:45)} 39. Qf5 {(00:01)} Be6 {(00:
26)} 40. Qe4 {(00:00)} Bf7 {(00:00)} 41. Qf5 {(05:46)} Be6
{(00:19)} 42. Qe4 {(01:18)} Bf7 {(00:03)} 43. Qf5 {
(09:18)} Be6 {(00:04)} 1/2-1/2

[Event "42nd Olympiad Baku 2016 Women"]
[Site "Baku"]
[Date "2016.09.03"]
[Round "2.8"]
[White "Enkhtuul, Altan-Ulzii"]
[Black "Umudova, Nargiz"]
[Result "1/2-1/2"]
[ECO "E11"]
[WhiteElo "2288"]
[BlackElo "2247"]
[Annotator ""]
[PlyCount "89"]
[EventDate "2016.??.??"]
[EventCountry "AZE"]
[SourceTitle "playchess.com"]
[Source "ChessBase"]
[WhiteTeam "Mongolia"]
[BlackTeam "Azerbaijan"]
[WhiteTeamCountry "MGL"]
[BlackTeamCountry "AZE"]
[TimeControl "40/5400+30:1800+30"]

1. Nf3 {(00:00)} Nf6 {(00:00)} 2. d4 {(00:00)} e6 {
(00:00)} 3. c4 {(00:00)} Bb4+ {(00:19)} 4. Bd2 {(
00:00)} c5 {(00:38)} 5. a3 {(00:37)} Bxd2+ {(00:13)} 6.
Nbxd2 {(00:05)} d6 {(02:38)} 7. e3 {(08:16)} O-O {(
02:11)} 8. b4 {(05:20)} cxd4 {(09:07)} 9. Nxd4 e5 {(09:44]
} 10. N4b3 {(07:59)} Qe7 {(24:11)} 11. Be2 {(00:42)} b6 {
(07:48)} 12. O-O {(02:42)} Bb7 {(00:18)} 13. Qc2 {(
02:25)} Nbd7 {(01:03)} 14. e4 {(01:43)} Ne8 {(03:23)} 15.
Bf3 {(01:12)} Nc7 {(03:10)} 16. Rfd1 {(02:25)} Ne6 {
(11:50)} 17. g3 {(07:14)} g6 {(09:26)} 18. Qd3 {(
01:42)} Rad8 {(07:12)} 19. Nf1 {(04:13)} Nf6 {(00:24)} 20.
Bg2 {(00:51)} Ng5 {(02:39)} 21. Nbd2 {(01:40)} b5 {
(02:29)} 22. cxb5 {(16:48)} d5 {(00:07)} 23. Qe3 {(
00:04)} Nfxe4 {(01:49)} 24. Nxe4 {(00:09)} dxe4 {(00:38)}
25. Qxa7 {(01:00)} f5 {(00:31)} 26. Nd2 {(03:14)} Rd7 {
(00:29)} 27. Qc5 {(02:13)} Qe6 {(00:31)} 28. h4 {(
11:27)} Rc8 {(00:12)} 29. Qe3 {(01:07)} f4 {(00:09)} 30.
gxf4 {(13:49)} exf4 {(00:39)} 31. Qxf4 {(03:06)} Nh3+ {
(00:17)} 32. Bxh3 {(00:06)} Qxh3 {(00:04)} 33. Nxe4 {
(01:01)} Rf8 {(01:23)} 34. Qg3 {(00:39)} Qe6 {(00:
47)} 35. Rxd7 {(01:41)} Qxd7 {(00:24)} 36. Nc5 {(00:41)}
Qd4 {(00:09)} 37. Re1 {(00:54)} Rf4 {(01:03)} 38. Nxb7 {
(01:16)} Rg4 {(00:02)} 39. Re3 {(00:34)} Qd1+ {(00:
19)} 40. Kh2 {(00:00)} Rxg3 {(00:00)} 41. Rxg3 {(01:09)}
Qe2 {(05:07)} 42. Rg2 {(09:15)} Qe5+ {(07:38)} 43. Rg3 {
(03:38)} Qe2 {(00:44)} 44. Rg2 {(00:39)} Qe5+ {(00:
36)} 45. Rg3 {(03:52)} 1/2-1/2

[Event "42nd Olympiad Baku 2016 Women"]
[Site "Baku"]
[Date "2016.09.03"]
[Round "2.20"]
[White "Erneste, Inguna"]
[Black "Agbabishvili, Lali"]
[Result "1/2-1/2"]
[ECO "B92"]
[WhiteElo "2178"]
[BlackElo "2064"]
[Annotator ""]
[PlyCount "102"]
[EventDate "2016.??.??"]
[EventCountry "AZE"]
[SourceTitle "playchess.com"]
[Source "ChessBase"]
[WhiteTeam "Latvia"]
[BlackTeam "Canada"]
[WhiteTeamCountry "LAT"]
[BlackTeamCountry "CAN"]
[TimeControl "40/5400+30:1800+30"]

1. e4 {(00:00)} c5 {(00:00)} 2. Nf3 {(00:00)} d6 {(
00:00)} 3. d4 {(00:01)} cxd4 {(00:00)} 4. Nxd4 {(00:07)}
Nf6 {(00:00)} 5. Nc3 {(00:06)} a6 {(00:02)} 6. Be2 {
(00:31)} Nbd7 {(02:53)} 7. O-O {(25:14)} g6 {(06:
52)} 8. Be3 {(03:22)} Bg7 {(00:54)} 9. f4 {(03:38)} O-O {
(04:18)} 10. Kh1 {(01:14)} Nc5 {(30:29)} 11. Bf3 {(
11:45)} Qc7 {(01:13)} 12. Qe2 {(10:53)} e5 {(14:45)} 13.
Nb3 {(00:35)} Nxb3 {(13:50)} 14. axb3 {(00:11)} Bd7 {
(01:10)} 15. Qf2 {(06:50)} Bc6 {(05:08)} 16. Qg3 {(
06:22)} b5 {(09:21)} 17. b4 {(03:59)} Qb7 {(01:20)} 18.
fxe5 {(07:20)} dxe5 {(00:13)} 19. Qh4 {(00:35)} h5 {
(00:36)} 20. Rad1 {(03:22)} Rfe8 {(04:30)} 21. Rd2 {
(04:10)} a5 {(00:24)} 22. Bc5 {(01:29)} axb4 {(00:
06)} 23. Bxb4 {(00:16)} Nh7 {(01:10)} 24. Nd5 {(01:01)}
Bxd5 {(00:29)} 25. Rxd5 {(00:25)} Nf6 {(00:32)} 26. Rd6 {
(01:01)} Ra6 {(00:29)} 27. Rxa6 {(00:46)} Qxa6 {(
00:01)} 28. Bc3 {(00:43)} Qc6 {(00:15)} 29. Qf2 {(01:11)}
Qc4 {(00:49)} 30. Be2 {(02:15)} Qc6 {(01:20)} 31. Bd3 {
(00:52)} Re7 {(00:34)} 32. Qe2 {(00:27)} Kh7 {(01:
22)} 33. Re1 {(01:16)} Qc5 {(00:51)} 34. Qe3 {(01:00)}
Qxe3 {(00:07)} 35. Rxe3 {(00:06)} Ng4 {(00:11)} 36. Rf3 {
(01:03)} Rb7 {(00:10)} 37. h3 {(00:43)} Nh6 {(00:
02)} 38. Bb4 {(00:55)} f6 {(01:18)} 39. Rf1 {(00:11)} Nf7
{(00:32)} 40. Ra1 {(00:00)} h4 {(00:00)} 41. Ra5 {(
05:14)} Ng5 {(06:33)} 42. Be1 {(00:36)} Rd7 {(00:54)} 43.
Bxh4 {(01:19)} Nxe4 {(10:44)} 44. Rxb5 {(00:56)} Nd2 {
(06:53)} 45. Be1 {(03:21)} e4 {(05:11)} 46. Bxd2 {(
01:16)} exd3 {(00:04)} 47. cxd3 {(00:20)} Rxd3 {(00:02)}
48. Bc3 {(00:36)} Kh6 {(03:04)} 49. Kg1 {(13:16)} f5 {
(00:13)} 50. Bxg7+ {(00:20)} Kxg7 {(00:01)} 51. Kf2 {
(00:26)} Kh6 {(00:31)} 1/2-1/2

[Event "42nd Olympiad Baku 2016 Women"]
[Site "Baku"]
[Date "2016.09.03"]
[Round "2.15"]
[White "Espinosa Cancino, Monica"]
[Black "Pasipanodya, Valentine"]
[Result "1-0"]
[ECO "A46"]
[WhiteElo "1679"]
[BlackElo "1594"]
[Annotator ""]
[PlyCount "97"]
[EventDate "2016.??.??"]
[EventCountry "AZE"]
[SourceTitle "playchess.com"]
[Source "ChessBase"]
[WhiteTeam "Scotland"]
[BlackTeam "Zimbabwe"]
[WhiteTeamCountry "SCO"]
[BlackTeamCountry "ZIM"]
[TimeControl "40/5400+30:1800+30"]

1. d4 {(00:00)} Nf6 {(00:00)} 2. Nf3 {(00:00)} e6 {
(00:00)} 3. e3 {(00:00)} Be7 {(00:10)} 4. Bd3 {(00:
09)} O-O {(00:31)} 5. O-O {(00:30)} d5 {(01:39)} 6. Nbd2 {
(00:33)} c5 {(00:55)} 7. b3 {(00:41)} cxd4 {(00:47]
} 8. exd4 {(00:26)} b6 {(01:04)} 9. Bb2 {(01:16)} Ba6 {
(01:05)} 10. Qe2 {(04:27)} Bxd3 {(00:14)} 11. Qxd3 {
(00:11)} Nbd7 {(00:30)} 12. Ne5 {(00:51)} Bd6 {(01:
48)} 13. f4 {(03:40)} Qc7 {(02:06)} 14. Rf3 {(06:17)} Rac8
{(01:04)} 15. Rc1 {(03:02)} Rfe8 {(08:08)} 16. Rh3 {
(04:15)} Nf8 {(01:20)} 17. Qf3 {(10:03)} Ng6 {(04:
30)} 18. c4 {(19:18)} Qe7 {(00:43)} 19. Nd3 {(11:38)} Rc7
{(06:22)} 20. Re1 {(02:44)} Rec8 {(00:50)} 21. f5 {
(01:21)} Nf8 {(02:29)} 22. Nf4 {(03:21)} Bxf4 {(04:
19)} 23. Qxf4 {(00:14)} Qd7 {(06:55)} 24. Ba3 {(06:05)}
Rc6 {(04:06)} 25. Nf3 {(02:53)} Qd8 {(09:13)} 26. Ne5 {
(00:30)} R6c7 {(00:36)} 27. g4 {(02:46)} Ne4 {(07:
37)} 28. Nf3 {(02:36)} h6 {(03:55)} 29. Bxf8 {(01:31)}
Qxf8 {(04:48)} 30. g5 {(00:43)} Kh7 {(10:04)} 31. Ne5 {
(01:02)} exf5 {(03:14)} 32. Qxf5+ {(00:30)} g6 {(
00:11)} 33. Qf4 {(00:59)} h5 {(00:59)} 34. cxd5 {(01:32)}
Nd6 {(01:01)} 35. Ng4 {(00:34)} Re7 {(04:09)} 36. Nf6+ {
(02:18)} Kg7 {(00:34)} 37. Rf1 {(00:44)} Re2 {(02:
04)} 38. Kh1 {(04:02)} Nf5 {(03:56)} 39. Nxh5+ {(00:40)}
gxh5 {(01:14)} 40. Qxf5 {(00:00)} Rcc2 {(00:00)} 41. Qf6+
{(04:25)} Kg8 {(04:28)} 42. Rxh5 {(00:26)} Qg7 {(
03:58)} 43. Qd8+ {(00:18)} Qf8 {(00:08)} 44. Rh8+ {(00:30]
} Kxh8 {(00:13)} 45. Qxf8+ {(00:04)} Kh7 46. Qxf7+ Kh8 {(
02:39)} 47. Qf6+ {(01:09)} Kh7 {(02:06)} 48. Qh6+ {(00:08]
} Kg8 {(00:03)} 49. Rf8# {(00:09)} 1-0

[Event "42nd Olympiad Baku 2016 Women"]
[Site "Baku"]
[Date "2016.09.03"]
[Round "2.24"]
[White "Estrada, Lucia"]
[Black "Lahav, Michal"]
[Result "0-1"]
[ECO "A46"]
[WhiteElo "1941"]
[BlackElo "2054"]
[Annotator ""]
[PlyCount "160"]
[EventDate "2016.??.??"]
[EventCountry "AZE"]
[SourceTitle "playchess.com"]
[Source "ChessBase"]
[WhiteTeam "Bolivia"]
[BlackTeam "Israel"]
[WhiteTeamCountry "BOL"]
[BlackTeamCountry "ISR"]
[TimeControl "40/5400+30:1800+30"]

1. d4 {(00:00)} Nf6 {(00:00)} 2. Nf3 {(01:11)} c5 {
(00:00)} 3. e3 {(00:56)} g6 {(00:00)} 4. Bd3 {(01:
15)} Bg7 {(00:24)} 5. O-O {(00:49)} O-O {(00:12)} 6. c4 {
(04:03)} d5 {(07:44)} 7. Nbd2 {(16:05)} Qc7 {(21:
49)} 8. b3 {(08:31)} cxd4 {(03:00)} 9. exd4 {(00:49)} Nc6
{(14:10)} 10. Bb2 {(06:24)} Rd8 {(02:28)} 11. Rc1 {
(03:11)} dxc4 {(00:55)} 12. Nxc4 {(09:17)} Bh6 {(
01:30)} 13. Ne3 {(01:24)} Be6 {(08:44)} 14. Ne5 {(20:13)}
Nd5 {(14:58)} 15. Qe1 {(08:53)} Rac8 {(06:47)} 16. Be4 {
(02:15)} Qb8 {(00:49)} 17. Nxc6 {(06:37)} bxc6 {(
00:09)} 18. Rc5 {(00:42)} Nf4 {(08:55)} 19. Qd2 {(03:26)}
Bd5 {(01:06)} 20. Bxd5 {(00:14)} cxd5 {(00:34)} 21. Qd1 {
(01:55)} Qb7 {(05:23)} 22. Ng4 {(00:32)} Bg7 {(00:
05)} 23. Rxc8 {(00:18)} Qxc8 {(00:15)} 24. Ne5 {(00:13)}
Bxe5 {(01:24)} 25. dxe5 {(00:06)} Ne6 {(00:14)} 26. f4 {
(01:20)} Nc5 {(00:44)} 27. Ba3 {(00:33)} e6 {(00:
24)} 28. Qd4 {(00:37)} Ne4 {(00:27)} 29. Rc1 {(00:42)} Qa6
{(00:26)} 30. Be7 {(00:51)} Re8 {(00:38)} 31. Bf6 {
(00:41)} Qxa2 {(00:31)} 32. Qe3 {(00:42)} Qa5 {(00:
41)} 33. Kh1 {(00:58)} Qb6 {(00:17)} 34. Qxb6 {(00:13)}
axb6 {(00:01)} 35. Bh4 {(00:15)} Nc5 {(00:33)} 36. Rb1 {
(01:15)} Ra8 {(00:45)} 37. Bf2 {(00:09)} Rb8 {(00:
55)} 38. Be3 {(00:19)} Kg7 {(00:29)} 39. Kg1 {(00:14)} Ne4
{(00:32)} 40. Rc1 {(00:00)} Nc5 {(00:00)} 41. b4 {(
01:41)} Nd3 {(19:18)} 42. Rb1 {(03:01)} d4 {(00:09)} 43.
Bxd4 {(06:44)} Nxf4 {(00:07)} 44. Kf1 {(07:15)} Nd5 {
(00:36)} 45. b5 {(02:46)} Ra8 {(02:23)} 46. Ra1 {(
02:34)} Rxa1+ {(04:59)} 47. Bxa1 {(00:07)} Nc7 {(01:13)}
48. Bd4 {(00:25)} Nxb5 {(01:30)} 49. Bxb6 {(00:23)} f6 {
(02:02)} 50. exf6+ {(00:14)} Kxf6 {(00:02)} 51. Ke2 {
(00:50)} Nc3+ {(03:33)} 52. Kf3 {(00:51)} Ke5 {(00:
15)} 53. g4 {(02:50)} Nd5 {(00:49)} 54. Bf2 {(00:16)} Nf6
{(00:26)} 55. Bh4 {(02:50)} Ne4 {(00:32)} 56. Ke3 {
(00:31)} Kd5 {(00:26)} 57. Be1 {(00:22)} e5 {(00:
38)} 58. Kd3 {(01:56)} Nf6 {(00:28)} 59. h3 {(00:29)} Ne4
{(00:11)} 60. Bh4 {(00:33)} Nd6 {(00:33)} 61. Bg3 {
(02:02)} Nc4 {(00:17)} 62. Bf2 {(01:45)} Na5 {(00:
50)} 63. h4 {(01:30)} Nc4 {(00:32)} 64. Bg1 {(00:34)} Nd6
{(00:15)} 65. Bf2 {(00:12)} Ne4 {(00:15)} 66. Be1 {
(00:07)} Nf6 {(00:15)} 67. g5 {(00:11)} Ne4 {(01:
21)} 68. Ke3 {(00:19)} Nd6 {(00:04)} 69. Kf3 {(01:16)} Kd4
{(00:19)} 70. Ke2 {(00:39)} Ke4 {(00:08)} 71. Bg3 {
(00:48)} Nf5 {(00:09)} 72. Be1 {(00:15)} Kf4 {(00:
11)} 73. Kd3 {(00:27)} Kf3 {(00:19)} 74. Kc4 {(00:41)} Ke2
{(00:22)} 75. Bc3 {(00:09)} e4 {(00:06)} 76. Kd5 {(
00:09)} e3 {(01:28)} 77. Ke6 {(01:17)} Nxh4 {(00:28)} 78.
Kf7 {(00:07)} Nf3 {(00:16)} 79. Kg7 {(00:15)} Nxg5 {
(00:24)} 80. Kh6 {(00:17)} Ne4 0-1

[Event "42nd Olympiad Baku 2016 Women"]
[Site "Baku"]
[Date "2016.09.03"]
[Round "2.14"]
[White "Exler, Veronika"]
[Black "Stetsko, Lanita"]
[Result "1/2-1/2"]
[ECO "E10"]
[WhiteElo "2220"]
[BlackElo "2170"]
[Annotator ""]
[PlyCount "32"]
[EventDate "2016.??.??"]
[EventCountry "AZE"]
[SourceTitle "playchess.com"]
[Source "ChessBase"]
[WhiteTeam "Austria"]
[BlackTeam "Belarus"]
[WhiteTeamCountry "AUT"]
[BlackTeamCountry "BLR"]
[TimeControl "40/5400+30:1800+30"]

1. d4 {(00:00)} Nf6 {(00:00)} 2. c4 {(00:00)} e6 {(
00:00)} 3. Nf3 {(00:00)} d5 {(00:04)} 4. g3 {(00:00)} Bb4+
{(00:13)} 5. Bd2 {(00:00)} Be7 {(00:07)} 6. Bg2 {(
00:00)} O-O {(00:18)} 7. O-O {(00:00)} c6 {(00:16)} 8. Qc2
{(02:31)} Nbd7 {(00:11)} 9. Rd1 {(00:37)} b6 {(00:
49)} 10. Bf4 {(00:19)} Ba6 {(00:44)} 11. b3 {(00:22)} Rc8
{(00:59)} 12. Nc3 {(00:18)} h6 {(01:23)} 13. h3 {(
03:45)} Nh5 {(06:58)} 14. Bc1 {(02:58)} Nhf6 {(00:46)} 15.
Bf4 {(21:55)} Nh5 {(01:06)} 16. Bc1 {(00:06)} Nhf6 {
(00:08)} 1/2-1/2